[Event "ICC Open 2015"]
[Site "Internet Chess Club"]
[Date "2015.05.30"]
[Round "4"]
[White "brizito"]
[Black "romeomelgosa"]
[Result "0-1"]
[ICCResult "White forfeits on time"]
[WhiteElo "1626"]
[BlackElo "2175"]
[Opening "Benkö gambit accepted"]
[ECO "A58"]
[NIC "BI.45"]
[Time "14:38:55"]
[TimeControl "180+0"]

1. d4 Nf6 2. c4 c5 3. d5 b5 4. cxb5 a6 5. bxa6 g6 6. a7 Rxa7 7. Nc3 d6 8. e4
Bg7 9. Bd3 O-O 10. Nf3 Ba6 11. Bxa6 Rxa6 12. O-O Nbd7 13. Bg5 h6 14. Bd2 Qa8
15. Re1 Ng4 16. Qc2 Rb8 17. b3 Ra3 18. h3 Nge5 19. Nxe5 Nxe5 20. Rab1 Qa6
21. Re3 c4 22. Rg3 cxb3 23. axb3 Nd7 24. Re3 Nc5 25. b4 Nd7 26. b5 Qa5 27.
Nd1 Qa4 28. Qxa4 Rxa4 29. Bc3 Rc4 30. Bxg7 Kxg7 31. Reb3 Nb6 32. Ne3 Rxe4
33. Ng4 Rd4 34. Ne3 Nxd5 35. Nxd5 Rxd5 36. b6 Rb7 37. Ra1 Rc5 38. Ra7 Rb8
39. Rb7 Rxb7 {White forfeits on time} 0-1

[Event "ICC Open 2015"]
[Site "Internet Chess Club"]
[Date "2015.05.30"]
[Round "4"]
[White "spanner63"]
[Black "cap78red"]
[Result "0-1"]
[ICCResult "White forfeits on time"]
[WhiteElo "1652"]
[BlackElo "1381"]
[Opening "Neo-Grünfeld, 6.O-O"]
[ECO "D77"]
[NIC "GI.02"]
[Time "14:38:45"]
[TimeControl "180+0"]

1. d4 Nf6 2. Nf3 g6 3. g3 d5 4. Bg2 Bg7 5. O-O O-O 6. c4 Nbd7 7. cxd5 Nxd5
8. e4 N5b6 9. Nc3 e5 10. d5 Nf6 11. Qb3 Bg4 12. h3 Bxf3 13. Bxf3 c6 14. dxc6
bxc6 15. Rd1 Qc7 16. Be3 Rab8 17. Qc2 Nc4 18. Bc1 Rfd8 19. b3 Rxd1+ 20. Qxd1
Nd6 21. Qc2 c5 22. Be3 c4 23. Rb1 cxb3 24. Rxb3 Rxb3 25. Qxb3 Nc4 26. Bg5 a5
27. Bxf6 Bxf6 28. Nd5 Qc6 29. Nxf6+ Qxf6 30. Bg2 Nd2 31. Qc3 Qg5 32. h4 Qh6
33. Qxa5 Nc4 34. Qc3 Nd6 35. a4 g5 36. hxg5 Qxg5 37. a5 Qe7 38. Qc5 Qd7 39.
a6 Nb5 40. Kh2 f6 41. Bh3 Qe8 42. a7 Nxa7 43. Qxa7 Qh5 44. Qb8+ Kg7 45. Qc7+
Kh6 {White forfeits on time} 0-1

[Event "ICC Open 2015"]
[Site "Internet Chess Club"]
[Date "2015.05.30"]
[Round "4"]
[White "BlueGreen"]
[Black "hAutAjArvi"]
[Result "0-1"]
[ICCResult "White resigns"]
[WhiteElo "2580"]
[BlackElo "2085"]
[Opening "Caro-Kann: Panov-Botvinnik attack"]
[ECO "B13"]
[NIC "CK.03"]
[Time "14:39:35"]
[TimeControl "180+0"]

1. e4 c6 2. d4 d5 3. exd5 cxd5 4. c4 Nf6 5. Nc3 Nc6 6. Nf3 Bg4 7. Be2 e6 8.
O-O Be7 9. h3 Bh5 10. Ne5 Bxe2 11. Nxe2 O-O 12. Nxc6 bxc6 13. b3 Ne4 14. Bf4
Bd6 15. Qd3 Qf6 16. Bxd6 Nxd6 17. Rac1 Rfc8 18. Rfe1 g6 19. Nc3 dxc4 20.
bxc4 Nf5 21. Rcd1 Rd8 22. Ne2 Rd7 23. Qe4 Rad8 24. Qxc6 Nxd4 25. Nxd4 Rxd4
26. Rxd4 Qxd4 27. a4 Qc3 28. Rb1 Qc2 29. Rf1 Rd4 30. Qa8+ Kg7 31. Qxa7 Rxc4
32. a5 Ra4 33. Re1 Qc3 34. Rxe6 Rxa5 35. Qe7 Ra1+ 36. Kh2 Qd4 37. Re3 Qf4+
38. Rg3 Qxf2 39. Qe5+ Qf6 40. Qe4 Rf1 41. Qd5 h6 42. Qe4 Qf4 43. Qe2 Rh1+
44. Kxh1 Qxg3 45. Qb2+ Kh7 46. Qa2 Qe1+ 47. Kh2 Qe5+ 48. Kh1 Qf5 49. Qb3 h5
50. Qa3 g5 51. Qa4 h4 52. Qb4 Qf4 53. Qc3 f6 54. Qc2+ Kh6 55. Qc6 Qf1+ 56.
Kh2 Qf4+ 57. Kh1 g4 58. Qa8 Qf1+ {White resigns} 0-1

[Event "ICC Open 2015"]
[Site "Internet Chess Club"]
[Date "2015.05.30"]
[Round "4"]
[White "bc18917"]
[Black "BehindBluEyes"]
[Result "0-1"]
[ICCResult "White forfeits on time"]
[WhiteElo "1756"]
[BlackElo "2270"]
[Opening "English opening"]
[ECO "A13"]
[NIC "RE.11"]
[Time "14:40:36"]
[TimeControl "180+0"]

1. c4 e6 2. g3 d5 3. Bg2 Nf6 4. Nf3 c5 5. O-O Nc6 6. e3 Bd6 7. b3 O-O 8. Bb2
Re8 9. Nc3 a6 10. cxd5 exd5 11. d4 Be6 12. Na4 cxd4 13. Nxd4 Rc8 14. Rc1 Ne5
15. Nc3 Qe7 16. h3 Red8 17. Nce2 Qd7 18. Kh2 Ng6 19. Rxc8 Rxc8 20. Qd3 h5
21. Nf4 Ne5 22. Qd2 h4 23. Rc1 hxg3+ 24. fxg3 Rd8 25. Nf3 Nc6 26. Nxe6 fxe6
27. Ng5 Be5 28. Bxe5 Nxe5 29. Qd4 Nf7 {White forfeits on time} 0-1

[Event "ICC Open 2015"]
[Site "Internet Chess Club"]
[Date "2015.05.30"]
[Round "4"]
[White "JOHEL"]
[Black "Lzmann"]
[Result "1-0"]
[ICCResult "Black forfeits on time"]
[WhiteElo "1634"]
[BlackElo "1806"]
[Opening "Sicilian: Hungarian variation"]
[ECO "B27"]
[NIC "SI.43"]
[Time "14:39:18"]
[TimeControl "180+0"]

1. e4 c5 2. Nf3 g6 3. c4 Nc6 4. Nc3 Bg7 5. d3 d6 6. Be2 Bg4 7. O-O a6 8. Be3
Nf6 9. h3 Bd7 10. Rc1 O-O 11. b3 Rb8 12. Qd2 b5 13. Bh6 bxc4 14. dxc4 Qa5
15. Rfe1 Be6 16. g4 Nd7 17. Bxg7 Kxg7 18. Qb2 f6 19. g5 Nce5 20. gxf6+ exf6
21. Kg2 Nxf3 22. Bxf3 Ne5 23. Rcd1 Qc7 24. Nd5 Bxd5 25. Rxd5 g5 26. Red1
Rbd8 27. a3 Kg6 28. Qe2 f5 29. Bh5+ Kg7 30. exf5 Rxf5 31. Qe4 Rf4 32. Qe3 h6
33. Be2 Qe7 34. Qd2 Qf6 35. Bg4 Nxg4 36. hxg4 Rxg4+ 37. Kf1 Qf3 38. Rxd6
Qg2+ 39. Ke1 Re4+ 40. Qe2 Rxe2+ 41. Kxe2 Re8+ 42. Kd2 Qxf2+ 43. Kc3 Re3+ 44.
R1d3 Qf6+ 45. Kc2 Re2+ 46. Rd2 Qf5+ 47. Kc3 Re3+ 48. R6d3 Rxd3+ 49. Rxd3
Qe5+ 50. Kc2 g4 51. b4 g3 52. bxc5 Qe2+ 53. Kc3 Qe1+ 54. Kc2 Qa1 55. c6 g2
56. Rg3+ Kf6 57. Rxg2 {Black forfeits on time} 1-0

[Event "ICC Open 2015"]
[Site "Internet Chess Club"]
[Date "2015.05.30"]
[Round "4"]
[White "Parsifal"]
[Black "Tut"]
[Result "0-1"]
[ICCResult "White forfeits on time"]
[WhiteElo "2411"]
[BlackElo "3201"]
[Opening "Ruy Lopez: closed, Flohr-Zaitsev system (Lenzerheide variation)"]
[ECO "C92"]
[NIC "RL.26"]
[Time "14:39:07"]
[TimeControl "180+0"]

1. e4 e5 2. Nf3 Nc6 3. Bb5 a6 4. Ba4 Nf6 5. O-O Be7 6. Re1 b5 7. Bb3 d6 8.
c3 O-O 9. h3 Bb7 10. d4 Nd7 11. Be3 Na5 12. Bc2 c5 13. d5 Nc4 14. Bc1 Ncb6
15. b3 f5 16. exf5 Nxd5 17. Bb2 N7b6 18. Nbd2 Nf4 19. Nf1 Qd7 20. Ng3 Rad8
21. Be4 Bxe4 22. Rxe4 Rxf5 23. Nxf5 Qxf5 24. Re3 Nbd5 25. c4 Nxe3 26. fxe3
Nd3 27. Qe2 e4 28. Nh2 Nxb2 29. Rf1 Qe5 30. Ng4 Qc3 31. Nh6+ gxh6 32. Qg4+
Kh8 33. Qe6 Qe5 34. Qxh6 Qg7 35. Qe6 Rg8 36. g4 Bg5 37. Rf7 Bxe3+ 38. Kg2
Qg6 39. Rf6 Qe8 40. Qf5 Bd4 41. Rf7 Bg7 42. g5 e3 43. g6 h6 44. Qh5 Qe4+ 45.
Kg1 Re8 46. Rxg7 Kxg7 {White forfeits on time} 0-1

[Event "ICC Open 2015"]
[Site "Internet Chess Club"]
[Date "2015.05.30"]
[Round "4"]
[White "PJJVenegas"]
[Black "PCC"]
[Result "1-0"]
[ICCResult "Black forfeits on time"]
[WhiteElo "2329"]
[BlackElo "1957"]
[Opening "QGD Slav: 3.Nf3"]
[ECO "D11"]
[NIC "QP.09"]
[Time "14:39:04"]
[TimeControl "180+0"]

1. Nf3 d5 2. c4 c6 3. d4 Nf6 4. g3 e6 5. Bg2 Nbd7 6. O-O Bd6 7. b3 O-O 8.
Bb2 Re8 9. Ne5 Qc7 10. f4 Ne4 11. Nd2 Nxd2 12. Qxd2 f6 13. Nf3 b6 14. Rac1
Bb7 15. f5 dxc4 16. fxe6 Rxe6 17. bxc4 Rae8 18. Rfe1 c5 19. d5 R6e7 20. Nh4
Be5 21. Nf5 Rf7 22. Rcd1 Bxb2 23. Qxb2 Ne5 24. d6 Qd7 25. Bh3 Qc6 26. e4 Bc8
27. Ne7+ Rfxe7 28. Bxc8 Qxc8 29. dxe7 Rxe7 30. Rd5 Nf3+ 31. Kf2 Nxe1 32. Qd2
Qg4 33. Qxe1 Rxe4 34. Rd8+ Kf7 35. Qd2 Qf5+ 36. Kg2 Qe5 37. Rd7+ Kg6 38. Qd3
f5 39. Rd6+ Kg5 40. Rd5 Re2+ 41. Kh3 Qe4 42. Qxe4 Rxe4 43. Rd7 g6 44. Rxh7
Rxc4 45. Rxa7 Rc2 46. Ra6 Rb2 47. a4 c4 48. Ra7 c3 49. Rc7 c2 50. a5 Ra2 51.
Rxc2 Rb2 52. Rxb2 bxa5 53. Ra2 Kf6 54. Rxa5 f4 55. Ra6+ Kf5 56. gxf4 Kxf4
57. Kg2 Kf5 58. h4 {Black forfeits on time} 1-0

[Event "ICC Open 2015"]
[Site "Internet Chess Club"]
[Date "2015.05.30"]
[Round "4"]
[White "druskacik"]
[Black "reydelmambo"]
[Result "1-0"]
[ICCResult "Black forfeits on time"]
[WhiteElo "2451"]
[BlackElo "1982"]
[Opening "QGA, Janowsky-Larsen variation"]
[ECO "D25"]
[NIC "QG.06"]
[Time "14:39:04"]
[TimeControl "180+0"]

1. d4 d5 2. c4 dxc4 3. Nf3 Nf6 4. e3 Bg4 5. Bxc4 e6 6. Qb3 Bxf3 7. gxf3 Nbd7
8. Qxb7 Bd6 9. Nc3 O-O 10. f4 Qe7 11. O-O Nb6 12. Be2 c5 13. Qxe7 Bxe7 14.
dxc5 Bxc5 15. Rd1 Rfc8 16. Bd2 h6 17. Be1 Rab8 18. b3 Be7 19. Nb5 a6 20. Nd6
Rc6 21. Nc4 Nbd5 22. Ne5 Rc2 23. Bd3 Rc7 24. Bxa6 Ba3 25. Bf1 Rbc8 26. Nc4
Be7 27. a4 Nb4 28. Bxb4 Bxb4 29. Rd3 Ne4 30. Bg2 Nc5 31. Rdd1 Nxb3 32. Rab1
Rxc4 33. Rxb3 Ba5 34. Bb7 R8c7 35. Rd4 Rxd4 36. exd4 Rc4 37. Be4 f5 38. Bd3
Rxa4 39. Rb8+ Kh7 40. Bb5 Rxd4 41. Be8 Rxf4 42. Bf7 e5 43. Bg8+ Kg6 44. Ra8
Bb6 45. Ra6 Rb4 46. Bd5 Kf6 47. Bf3 e4 48. Bh5 Ke5 49. Be2 g5 50. Kg2 f4 51.
Bg4 f3+ 52. Kg3 Kd4 53. Ra8 Kd3 54. Re8 Rb2 55. Bf5 Bxf2+ 56. Kg4 h5+ 57.
Kxg5 Ke2 58. Bxe4 Be3+ 59. Kxh5 f2 60. Bf3+ {Black forfeits on time} 1-0

[Event "ICC Open 2015"]
[Site "Internet Chess Club"]
[Date "2015.05.30"]
[Round "4"]
[White "nadalthegreat"]
[Black "Borknagar"]
[Result "0-1"]
[ICCResult "White checkmated"]
[WhiteElo "1711"]
[BlackElo "1978"]
[Opening "Scandinavian: Pytel-Wade variation"]
[ECO "B01"]
[NIC "SD.02"]
[Time "14:39:32"]
[TimeControl "180+0"]

1. e4 d5 2. exd5 Qxd5 3. Nc3 Qd6 4. Nf3 c6 5. Bc4 Nf6 6. O-O Bf5 7. Re1 e6
8. d4 Be7 9. Be3 O-O 10. Ne5 Re8 11. Qd2 Nbd7 12. Bf4 Qb4 13. Rab1 Nd5 14.
Nxd5 Qxd2 15. Bxd2 cxd5 16. Bb5 Nxe5 17. dxe5 Rec8 18. c3 Bxb1 19. Rxb1 a6
20. Bd3 b5 21. Re1 Bc5 22. b4 Bb6 23. Kh1 Rc6 24. f3 Rac8 25. Rf1 Rxc3 26.
Bxc3 Rxc3 27. Rd1 g6 28. g4 Be3 29. Bb1 Bf4 30. Kg2 Bxe5 31. Rd3 Rc1 32. Rb3
Bf4 33. Bd3 Rd1 34. a3 Rd2+ 35. Kf1 Rxh2 36. a4 bxa4 37. Ra3 Rb2 38. Rxa4
Bd2 39. Rxa6 Rxb4 40. Ra8+ Kg7 41. Ra2 Bf4 42. Ke2 Rd4 43. Rc2 h6 44. Rc3
Rb4 45. Rb3 Rxb3 46. Bc2 Rb2 47. Kd3 Rxc2 48. Kxc2 h5 49. Kd3 h4 50. Ke2 h3
51. Kf1 h2 52. Kg2 Kf6 53. Kh1 Ke5 54. Kg2 Kd4 55. Kh1 Ke3 56. Kg2 Ke2 57.
g5 Bxg5 58. f4 Bxf4 59. Kh1 g5 60. Kg2 g4 61. Kh1 g3 62. Kg2 Bd6 63. Kh1 f5
64. Kg2 f4 65. Kh1 Ke3 66. Kg2 Ke4 67. Kh1 Kf5 68. Kg2 Kg4 69. Kh1 Kh4 70.
Kg2 e5 71. Kh1 e4 72. Kg2 f3+ 73. Kh1 g2# {White checkmated} 0-1

[Event "ICC Open 2015"]
[Site "Internet Chess Club"]
[Date "2015.05.30"]
[Round "4"]
[White "triumphant1"]
[Black "Schack"]
[Result "1-0"]
[ICCResult "Black resigns"]
[WhiteElo "2139"]
[BlackElo "1635"]
[Opening "King's Indian: London system"]
[ECO "A48"]
[NIC "QP.03"]
[Time "14:40:04"]
[TimeControl "180+0"]

1. d4 Nf6 2. Nf3 g6 3. Bf4 Bg7 4. e3 O-O 5. c3 d5 6. Bd3 c5 7. h3 Nc6 8. O-O
b6 9. Nbd2 Bb7 10. Qe2 cxd4 11. exd4 Re8 12. Ne5 Nxe5 13. Bxe5 Nd7 14. Nf3
Nxe5 15. Nxe5 f6 16. Nf3 e6 17. Rfe1 e5 18. Bb5 Re7 19. Rad1 e4 20. Nd2 Qd6
21. Nf1 a6 22. Ba4 b5 23. Bb3 Bc6 24. Ne3 a5 25. a3 a4 26. Bc2 Rf8 27. Ng4
f5 28. Nh2 f4 29. f3 e3 30. Nf1 h5 31. g3 g5 32. Qd3 Bh8 33. Qg6+ Qxg6 34.
Bxg6 e2 35. Rc1 exf1=Q+ 36. Kxf1 Rxe1+ 37. Rxe1 Bf6 38. Re6 Bd7 39. Rb6 Kg7
40. Bxh5 Kh6 41. g4 Kg7 42. Rb7 Rd8 43. Kf2 Kf8 44. Bg6 Ke7 45. Bf5 Bg7 46.
Bxd7 Rxd7 47. Rxb5 Kd6 48. Rb4 Ra7 49. Rb6+ Kc7 50. Rg6 Kd8 51. Rxg5 Rb7 52.
Rxd5+ Ke7 53. Rf5 Rxb2+ 54. Ke1 Rb1+ 55. Kd2 Rb2+ 56. Kd3 Rb3 57. Rxf4 Rxa3
58. h4 Rb3 59. Rf5 a3 60. Ra5 Kd6 61. Kc4 Rb1 62. Rxa3 {Black resigns} 1-0

[Event "ICC Open 2015"]
[Site "Internet Chess Club"]
[Date "2015.05.30"]
[Round "4"]
[White "klodshans"]
[Black "hansvanperken"]
[Result "0-1"]
[ICCResult "White forfeits on time"]
[WhiteElo "1597"]
[BlackElo "1844"]
[Opening "Queen's pawn: London system"]
[ECO "A45"]
[NIC "QP.07"]
[Time "14:39:13"]
[TimeControl "180+0"]

1. d4 Nf6 2. Bf4 Nd5 3. Bg3 h5 4. c4 h4 5. cxd5 hxg3 6. fxg3 c5 7. e4 Qc7 8.
Nc3 Rxh2 9. Rxh2 Qxg3+ 10. Ke2 Qxh2 11. Nf3 Qh5 12. dxc5 b6 13. b4 bxc5 14.
bxc5 Na6 15. Kf2 Nxc5 16. Qd4 e6 17. Nb5 Kd8 18. d6 Bb7 19. Rc1 Nxe4+ 20.
Kg1 Ng3 21. Nxa7 Nxf1 22. Qb6+ Ke8 23. Qxb7 Rd8 24. Rc8 Bxd6 25. Rxd8+ Kxd8
26. Qb6+ Bc7 27. Qb5 Qxb5 28. Nxb5 Ne3 29. a4 Nc4 30. Kf2 d5 31. Ne1 Nb2 32.
Nc3 Ba5 33. Nb5 Nxa4 34. Nd3 Nc3 35. Nxc3 Bxc3 36. Nc5 d4 37. Nd3 f6 38. Kf3
e5 39. g4 Ke7 40. Ke4 Ke6 41. Nc5+ Kd6 42. Nb7+ Kc7 43. Nc5 g6 44. Ne6+ Kd6
45. Nf8 f5+ 46. gxf5 gxf5+ 47. Kxf5 d3 48. Ne6 d2 49. Ng5 d1=Q 50. Kg6 Qg4
{White forfeits on time}
0-1

[Event "ICC Open 2015"]
[Site "Internet Chess Club"]
[Date "2015.05.30"]
[Round "4"]
[White "putki"]
[Black "HPG1947"]
[Result "0-1"]
[ICCResult "White resigns"]
[WhiteElo "1299"]
[BlackElo "1791"]
[Opening "King's pawn opening"]
[ECO "B07"]
[NIC "VO.17"]
[Time "14:40:33"]
[TimeControl "180+0"]

1. e4 d6 2. d4 Nd7 3. Bc4 c6 4. Nf3 d5 5. exd5 Nb6 6. Qd3 cxd5 7. Bb5+ Bd7
8. Nc3 Nf6 9. O-O e6 10. Ne5 a6 11. Bc6 Bxc6 12. Nf3 Be7 13. Bd2 O-O 14. a3
Nc4 15. h3 Nxb2 16. Qe2 Nc4 17. Qd3 Rc8 18. Ne5 Nxa3 19. Ng6 hxg6 20. Bh6
gxh6 21. Ne2 Nc4 22. Ng3 Kg7 23. c3 Bb5 24. Qd1 Nd6 25. Re1 Rxc3 26. Nh5+
Nxh5 27. Qxh5 gxh5 28. g3 Qb6 {White resigns} 0-1

[Event "ICC Open 2015"]
[Site "Internet Chess Club"]
[Date "2015.05.30"]
[Round "4"]
[White "ROWLAND"]
[Black "obt"]
[Result "0-1"]
[ICCResult "White forfeits on time"]
[WhiteElo "1716"]
[BlackElo "1987"]
[Opening "Scotch game"]
[ECO "C45"]
[NIC "SO.05"]
[Time "14:39:15"]
[TimeControl "180+0"]

1. e4 e5 2. Nf3 Nc6 3. d4 exd4 4. Nxd4 Bc5 5. Be3 Qf6 6. c3 Bb6 7. Bc4 d6 8.
O-O Nge7 9. Kh1 Qh4 10. Nd2 O-O 11. f3 Ne5 12. Bb3 Kh8 13. Bf2 Qh6 14. Nc4
Nxc4 15. Bxc4 f5 16. Nxf5 Nxf5 17. exf5 Bxf5 18. Bxb6 axb6 19. Bd5 c6 20.
Bb3 d5 21. Qd4 b5 22. Rae1 Rae8 23. Re5 Rxe5 24. Qxe5 Bd3 25. Re1 Qh4 26.
Qe8 Kg8 27. Qe6+ Kh8 28. Qe8 Qf4 29. Qe7 h6 30. Qxb7 Qd2 31. Qe7 Kh7 32. h4
Rf4 33. h5 Qf2 34. g4 Qxf3+ 35. Kg1 Be4 36. Rxe4 Qf1+ 37. Kh2 dxe4 38. Bg8+
Kxg8 39. Qe8+ Kh7 40. Qg6+ Kh8 41. Qe8+ Rf8 42. Qxc6 Qf2+
{White forfeits on time}
0-1

[Event "ICC Open 2015"]
[Site "Internet Chess Club"]
[Date "2015.05.30"]
[Round "4"]
[White "MaestroASK"]
[Black "aplusk"]
[Result "0-1"]
[ICCResult "White resigns"]
[WhiteElo "2615"]
[BlackElo "2878"]
[Opening "Benko's opening"]
[ECO "A00"]
[NIC "VO.09"]
[Time "14:39:06"]
[TimeControl "180+0"]

1. g3 d5 2. d3 c6 3. Bg2 Nf6 4. e4 e5 5. f3 Bc5 6. Nd2 O-O 7. Nh3 Re8 8. Qe2
Be6 9. Nb3 Bb6 10. Nf2 a5 11. Be3 a4 12. Nc1 a3 13. b3 d4 14. Bd2 Na6 15.
Bh3 h6 16. O-O Bxh3 17. Nxh3 Qd7 18. Kg2 c5 19. Qe1 Nb4 20. Bxb4 cxb4 21.
Ne2 Qd6 22. Rd1 Rac8 23. Rd2 Rc7 24. Neg1 Rc3 25. Rff2 Rec8 26. Qd1 Bd8 27.
Ne2 R3c5 28. Neg1 Be7 29. Rde2 Bf8 30. Rd2 g6 31. f4 h5 32. fxe5 Qxe5 33.
Nf3 Qd6 34. e5 Rxe5 35. Nxe5 Qxe5 36. Rde2 Qd5+ 37. Kg1 Ng4 38. Nf4 Nxf2 39.
Rxf2 Qc6 40. Qf1 Bh6 41. Ng2 Qe6 42. Re2 Be3+ 43. Nxe3 dxe3 44. Qf3 Qc6 45.
Qxe3 b5 46. Qe4 Qc5+ 47. Kg2 Rd8 48. Qe7 Qd5+ 49. Qe4 Qd6 50. Qe5 Qc6+ 51.
Qe4 Qc5 52. Qe5 Rc8 53. Qxc5 Rxc5 54. d4 Rc3 55. Rd2 Kf8 56. Kf2 Ke7 57. Ke2
Kd6 58. Kd1 Kd5 59. Rf2 f5 60. Rf4 Re3 61. Kd2 Re4 62. Kd3 Re1 63. c3 bxc3
64. Kxc3 Ra1 65. Rf2 Rc1+ 66. Kb4 Kxd4 67. Rd2+ Ke3 68. Rd6 Rc2 69. Kxa3 g5
70. Rg6 f4 71. Rxg5 f3 72. Re5+ Kd4 73. Rf5 Ke4 74. Rf4+ Ke3 75. Kb4 Rxa2
76. Kxb5 Rxh2 77. Ka4 Ra2+ 78. Kb5 f2 79. b4 Ra1 80. Rxf2 Kxf2 81. Kc6 Kxg3
82. b5 Rb1 83. b6 Rxb6+ 84. Kxb6 h4 85. Kc5 h3 {White resigns} 0-1

[Event "ICC Open 2015"]
[Site "Internet Chess Club"]
[Date "2015.05.30"]
[Round "4"]
[White "oseledets"]
[Black "Aladdin"]
[Result "0-1"]
[ICCResult "White resigns"]
[WhiteElo "2042"]
[BlackElo "2394"]
[Opening "Queen's pawn game"]
[ECO "E00"]
[NIC "QP.07"]
[Time "14:39:44"]
[TimeControl "180+0"]

1. d4 Nf6 2. c4 e6 3. a3 d5 4. Nc3 Be7 5. Bf4 c6 6. e3 O-O 7. Bd3 Nbd7 8.
Nf3 Nh5 9. Be5 Nxe5 10. Nxe5 Nf6 11. O-O g6 12. f4 Nd7 13. Rf3 f6 14. Nxg6
hxg6 15. Rg3 f5 16. Rxg6+ Kf7 17. Qh5 Nf6 18. Qh6 Rg8 19. Rxg8 Qxg8 20. cxd5
cxd5 21. Rf1 Bd7 22. Rf3 Qg7 23. Qh4 Rh8 24. Qe1 Rg8 25. Rg3 Qh7 26. Rxg8
Qxg8 27. Ne2 a6 28. Kh1 Ne4 29. Ng1 Bf6 30. Nf3 Qg6 31. Kg1 Qg8 32. Qc1 Qc8
33. Qxc8 Bxc8 34. h3 Bd7 35. g4 Nd6 36. gxf5 exf5 37. Kf2 Bb5 38. Bb1 Ne4+
39. Kg2 Kg6 40. Ne1 Nd2 41. Ba2 Bc4 42. Bxc4 Nxc4 43. Nd3 Nxe3+ 44. Kf3 Nc4
45. Ne5+ Bxe5 46. fxe5 Nxb2 47. Ke3 Nc4+ 48. Kd3 Nxa3 {White resigns} 0-1

[Event "ICC Open 2015"]
[Site "Internet Chess Club"]
[Date "2015.05.30"]
[Round "4"]
[White "JAscorpio"]
[Black "Turlock"]
[Result "0-1"]
[ICCResult "White checkmated"]
[WhiteElo "1180"]
[BlackElo "1812"]
[Opening "Queen's pawn, Mason variation"]
[ECO "D00"]
[NIC "QP.08"]
[Time "14:40:11"]
[TimeControl "180+0"]

1. d4 d5 2. Bf4 Nf6 3. e3 c5 4. h3 Nc6 5. Nf3 Qb6 6. b3 Bf5 7. a3 e6 8. Nbd2
cxd4 9. exd4 Nxd4 10. Nxd4 Qxd4 11. Bb5+ Nd7 12. Bxd7+ Kxd7 13. O-O Qxf4 14.
Nf3 Bd6 15. Re1 Rhc8 16. Rc1 Be4 17. Kf1 Bxf3 18. Qxf3 Qxf3 19. gxf3 Bf4 20.
Rcd1 Rxc2 21. Re4 g5 22. Rc4 Rc8 23. Rxc8 Rxc8 24. Rd4 Rc3 25. Rb4 b6 26. h4
h6 27. hxg5 hxg5 28. Ke2 Kc6 29. a4 a5 30. Rd4 Rxb3 31. Rd3 Rxd3 32. Kxd3 e5
33. Kc3 b5 34. axb5+ Kxb5 35. Kb3 a4+ 36. Ka3 Kc4 37. Kxa4 Kd3 38. Kb5 Ke2
39. Kc6 d4 40. Kd5 d3 41. Kd6 d2 42. Ke7 d1=Q 43. Kxf7 Kxf3 44. Kf6 Kxf2 45.
Kf5 Qd3+ 46. Ke6 e4 47. Kf5 e3+ 48. Kg4 Qd7+ 49. Kh5 Qf5 50. Kh6 g4+ 51. Kg7
Be5+ 52. Kg8 Qg6+ 53. Kf8 Bd6# {White checkmated} 0-1

[Event "ICC Open 2015"]
[Site "Internet Chess Club"]
[Date "2015.05.30"]
[Round "4"]
[White "VerdeNotte"]
[Black "eddington"]
[Result "1-0"]
[ICCResult "Black forfeits on time"]
[WhiteElo "2895"]
[BlackElo "2159"]
[Opening "Tayler opening"]
[ECO "C44"]
[NIC "KP.10"]
[Time "14:39:15"]
[TimeControl "180+0"]

1. e4 e5 2. Nf3 Nc6 3. Be2 Nf6 4. d4 exd4 5. O-O Nxe4 6. Re1 Be7 7. Nxd4 O-O
8. Bd3 Nc5 9. Nf5 Bf6 10. Nc3 d5 11. Bf4 Nxd3 12. Qxd3 Nb4 13. Qh3 Nxc2 14.
Red1 Bxc3 15. Nh6+ Kh8 16. Qxc3 Nxa1 17. h3 Be6 18. Ng4 Bxg4 19. hxg4 c5 20.
Rxa1 Rc8 21. g3 d4 22. Qc4 b5 23. Qxb5 Qd5 24. Rd1 Rfe8 25. g5 Qf3 26. Qf1
Rcd8 27. Rd3 Qe4 28. b3 a5 29. Qd1 Qe1+ 30. Qxe1 Rxe1+ 31. Kg2 Re2 32. a4
Rc2 33. Bd2 c4 34. bxc4 Rxc4 35. Bxa5 Rd7 36. Rb3 h6 37. gxh6 gxh6 38. Ra3
d3 39. Bd2 Rc2 40. Bxh6 d2 41. Bxd2 Rdxd2 42. Rf3 Kg7 43. Rf4 Ra2 44. Rg4+
Kf8 45. Rf4 Rdc2 46. g4 Rcb2 47. g5 Rc2 48. g6 f6 49. Rxf6+ Kg7 50. Rf4 Kxg6
51. Kg3 Rcb2 52. Rg4+ Kf6 53. Rf4+ Ke6 54. Re4+ Kd6 55. f3 Rb3 56. Rh4 Raa3
57. Rf4 Kd5 58. Rf5+ Ke6 59. Rf4 {Black forfeits on time} 1-0

[Event "ICC Open 2015"]
[Site "Internet Chess Club"]
[Date "2015.05.30"]
[Round "4"]
[White "JCarllsen"]
[Black "MJXII"]
[Result "1-0"]
[ICCResult "Black forfeits on time"]
[WhiteElo "1854"]
[BlackElo "1513"]
[Opening "Giuoco Piano"]
[ECO "C54"]
[NIC "IG.02"]
[Time "14:39:28"]
[TimeControl "180+0"]

1. e4 e5 2. Nf3 Nc6 3. Bc4 Bc5 4. c3 Nf6 5. d3 O-O 6. Nbd2 d6 7. h3 Be6 8.
Bb3 a5 9. O-O b5 10. Re1 a4 11. Bc2 Ne7 12. Nf1 Ng6 13. d4 Bb6 14. Ng3 c6
15. Be3 d5 16. dxe5 Bxe3 17. Rxe3 Nxe4 18. Nxe4 dxe4 19. Bxe4 Rc8 20. Nd4
Bd5 21. Bxd5 Qxd5 22. Qe2 Rfe8 23. Nf3 Rc7 24. a3 Rce7 25. Rd1 Qc5 26. Re1
f6 27. exf6 Rxe3 28. fxe3 gxf6 29. Nd4 Qe5 30. Qf3 c5 31. Nxb5 Ne7 32. Qf4
Qxf4 33. exf4 Kf7 34. Nd6+ Kf8 35. Nxe8 Kxe8 36. Kf2 Kf8 37. Rxe7 Kxe7 38.
f5 Kd6 39. Kf3 Ke5 40. g4 h5 41. Ke3 hxg4 42. hxg4 c4 43. Kf3
{Black forfeits on time}
1-0

[Event "ICC Open 2015"]
[Site "Internet Chess Club"]
[Date "2015.05.30"]
[Round "4"]
[White "Gibhor"]
[Black "ehkopean"]
[Result "1/2-1/2"]
[ICCResult "White ran out of time and Black has no material to mate"]
[WhiteElo "1947"]
[BlackElo "1740"]
[Opening "Caro-Kann: classical, 6.h4"]
[ECO "B18"]
[NIC "CK.12"]
[Time "14:39:10"]
[TimeControl "180+0"]

1. e4 c6 2. d4 d5 3. Nd2 dxe4 4. Nxe4 Bf5 5. Ng3 Bg6 6. h4 h6 7. h5 Bh7 8.
Nf3 Nd7 9. Bd3 Bxd3 10. Qxd3 e6 11. Bd2 Ngf6 12. O-O-O Bd6 13. Ne4 Nxe4 14.
Qxe4 Nf6 15. Qe2 Qc7 16. Kb1 Bf4 17. Bb4 Bd6 18. Bd2 Bf4 19. Ne5 Bxd2 20.
Rxd2 Rd8 21. Rhd1 O-O 22. g4 c5 23. f4 cxd4 24. Rxd4 Rxd4 25. Rxd4 Rd8 26.
Qd3 Rxd4 27. Qxd4 Nd5 28. g5 hxg5 29. fxg5 b6 30. c4 Ne7 31. g6 fxg6 32.
hxg6 Nf5 33. Qe4 Ne7 34. Nf7 Qc6 35. Qg4 Qh1+ 36. Kc2 Qh2+ 37. Kb3 Qd2 38.
Qxe6 Qd3+ 39. Kb4 Qxg6 40. Nh6+ Kh7 41. Qxg6+ Kxg6 42. Ng4 Kf5 43. Nf2 Nc6+
44. Kb5 Nd4+ 45. Ka6 Ke5 46. Kxa7 Kd6 47. Kxb6 Ne2 48. a4 Nc1 49. a5 Nb3 50.
a6 Nc5 51. a7 Nd7+ 52. Kb7 Nc5+ 53. Kc8 Ne6 54. a8=Q Nc7 55. Qb7 Ne6 56.
Qxg7 Nxg7 {White ran out of time and Black has no material to mate} 1/2-1/2

[Event "ICC Open 2015"]
[Site "Internet Chess Club"]
[Date "2015.05.30"]
[Round "4"]
[White "Inmune"]
[Black "DanielDelPaso"]
[Result "1-0"]
[ICCResult "Black resigns"]
[WhiteElo "3005"]
[BlackElo "2699"]
[Opening "Trompowsky attack (Ruth, Opocenský opening)"]
[ECO "A45"]
[NIC "QP.07"]
[Time "14:40:16"]
[TimeControl "180+0"]

1. d4 Nf6 2. Bg5 Ne4 3. Bf4 c5 4. f3 Qa5+ 5. c3 Nf6 6. Nd2 cxd4 7. Nb3 Qb6
8. Qxd4 Nc6 9. Qxb6 axb6 10. e4 d5 11. e5 Nh5 12. Be3 Nxe5 13. Nd4 Bd7 14.
Nb5 Rc8 15. g4 Nf6 16. Na7 Rc5 17. Bxc5 bxc5 18. Bb5 e6 19. Kf2 Bd6 20.
Bxd7+ Kxd7 21. Nb5 Bb8 22. Rd1 Kc6 23. a4 h5 24. g5 Nfd7 25. Ne2 Nb6 26. b3
h4 27. Rd2 h3 28. Rc1 Rh5 29. f4 Ng6 30. Ke3 Rh4 31. Rf1 Nc8 32. f5 exf5 33.
Rxf5 Nce7 34. Rxf7 Bxh2 35. Kf2 Be5 36. Kg1 Rg4+ 37. Kh1 Re4 38. Rf3 h2 39.
b4 Nh4 40. Rfd3 Nhf5 41. bxc5 Kxc5 42. Nbd4 Ne3 43. Nb3+ Kb6 44. a5+ Ka7 45.
Nc5 Nc4 46. Nxe4 dxe4 47. Rd7 Nxd2 48. Rxe7 Nf3 49. g6 Ka6 50. Nd4 Nxd4 51.
cxd4 Bxd4 52. Rxe4 Bf6 53. Kxh2 Kxa5 54. Rf4 b5 55. Rxf6 gxf6 56. g7 b4 57.
g8=Q Ka4 58. Qa2+ {Black resigns} 1-0